 Dungeon Crawl Stone Soup version 0.29-a0-1009-g60c99734e7 (webtiles) character file.

Game seed: 3027600650057242348

129536 2tc the Warrior (level 17, -5/138 HPs)
             Began as a Djinni Fire Elementalist on Aug 8, 2022.
             Was the Champion of Qazlal.
             Slain by a phantasmal warrior (23 damage)
             ... on level 3 of the Swamp.
             The game lasted 02:53:35 (30349 turns).

2tc the Warrior (Djinni Fire Elementalist)         Turns: 30349, Time: 02:53:35

Health: -5/138     AC: 15    Str: 11    XL:     17   Next: 61%
Gold:   2081       EV: 21    Int: 17    God:    Qazlal [******] SH:  8 Dex: 18

rFire   + + .      SeeInvis .   E - +9 quick blade (venom)
rCold   + + .      Faith    .   (no shield)
rNeg    . . .      Spirit   .   U - +1 troll leather armour
rPois   ∞          Reflect  .   B - +1 helmet of Liygirr {rC++ Slay+2}
rElec   .          Harm     .   T - +1 cloak
rCorr   .          Rampage  .   b - +2 pair of gloves
Will    +....                   (boots unavailable)
Stlth   +.........              J - amulet of the acrobat
HPRegen 1.13/turn               s - +4 ring of evasion
MPRegen 0.00/turn               l - ring of willpower

@: weak-willed, protected from cold, flying, repel missiles
A: sickness immunity, fire resistance 2, cold vulnerability 1, float, innate
caster, HP casting, extra vitality 1
a: Renounce Religion, Upheaval, Elemental Force, Disaster Area


You were on level 3 of the Swamp.
You worshipped Qazlal.
Qazlal was exalted by your worship.
You visited 6 branches of the dungeon, and saw 27 of its levels.
You also visited: Sewer and Ossuary.

You collected 2195 gold pieces.
You spent 114 gold pieces at shops.

Inventory:

Hand Weapons
 y - the +8 hand axe of Premature Burial {vamp, Str+4}
   (You found it on level 4 of the Dungeon)

   It occasionally heals its wielder for a portion of the damage dealt when it
   wounds a living foe.
   Str:       It affects your strength (+4).
 E - a +9 quick blade of venom (weapon)
 L - the +2 mace of Ukyuniot {freeze, Str+2 Int+4}
   (You found it in an ossuary)

   It freezes those it strikes, dealing additional cold damage.
   It can also slow down cold-blooded creatures.
   Str:       It affects your strength (+2).
   Int:       It affects your intelligence (+4).
Armour
 b - a +2 pair of gloves (worn)
 o - a scarf of resistance
 B - the +1 helmet of Liygirr (worn) {rC++ Slay+2}
   (You acquired it on level 7 of the Dungeon)

   Slay:      It affects your accuracy & damage with ranged weapons and melee
   (+2).
   rC:        It greatly protects you from cold.
 H - a scarf of invisibility
 T - a +1 cloak (worn)
 U - a +1 troll leather armour (worn)
 W - the +1 leather armour "Laadaeh" {rElec Int+7}
   (You found it on level 3 of the Lair of Beasts)

   Int:       It affects your intelligence (+7).
   rElec:     It insulates you from electricity.
Jewellery
 c - a ring of protection from cold
 f - a ring of positive energy
 l - a ring of willpower (right hand)
 s - a +4 ring of evasion (left hand)
 u - a +6 ring of intelligence
 A - a +4 ring of evasion
 C - a ring of see invisible
 D - a ring of positive energy
 J - an amulet of the acrobat (around neck)
 O - a ring of protection from fire
 P - a +4 ring of slaying
 Q - a +6 ring of intelligence
Wands
 v - a wand of polymorph (32)
 x - a wand of paralysis (37)
 z - a wand of digging (7)
 F - a wand of quicksilver (6)
 G - a wand of mindburst (2)
 S - a wand of iceblast (14)
 X - a wand of flame (22)
Scrolls
 a - a scroll of magic mapping
 j - 3 scrolls of poison
 w - 9 scrolls of teleportation
 V - 3 scrolls of noise
Potions
 e - 5 potions of brilliance
 g - 4 potions of resistance
 h - 15 potions of curing
 i - 4 potions of lignification
 m - 2 potions of berserk rage
 n - 3 potions of ambrosia
 p - 8 potions of haste
 r - 6 potions of mutation
 t - 6 potions of might
 K - a potion of cancellation
 M - a potion of invisibility
 Z - 5 potions of attraction
Miscellaneous
 N - a phial of floods
 R - a phantom mirror


   Skills:
 - Level 18.0 Fighting
 - Level 8.0 Short Blades
 + Level 9.9 Armour
 - Level 10.0 Dodging
 - Level 1.5 Stealth
 - Level 15.0 Spellcasting
 - Level 10.0 Invocations


You had 3 spell levels left.
You knew the following spells:

 Your Spells              Type           Power      Damage    Failure   Level
a - Foxfire               Conj/Fire      100%       2x1d9     0%          1
b - Scorch                Fire           100%       2d10      1%          2
c - Conjure Flame         Conj/Fire      59%        6-21      1%          3
d - Inner Flame           Hex/Fire       59%        N/A       1%          3
e - Flame Wave            Conj/Fire      59%        2d14      1%          4
f - Magic Dart            Conj           100%       1d8       0%          1
g - Passwall              Tmut/Erth      49%        N/A       1%          2
h - Poisonous Vapours     Pois/Air       100%       N/A       1%          2
i - Dazzling Flash        Conj/Hex       100%       N/A       1%          3
j - Dispel Undead         Necr           59%        3d21      1%          4
k - Alistair's Intoxicat  Tmut/Pois      39%        N/A       1%          5
l - Iron Shot             Conj/Erth      29%        9d6       1%          6
m - Summon Hydra          Summ           29%        N/A       11%         7
Your spell library was empty.

Dungeon Overview and Level Annotations

Branches:
Dungeon (14/15)            Temple (1/1) D:5            Lair (5/5) D:11
  Swamp (4/4) Lair:2       Spider (1/4) Lair:3        Slime (0/5) Lair:5
    Orc (2/2) D:9             Elf (0/3) Orc:2        Vaults (0/5) D:13
  Sewer (visited)         Ossuary (visited)

Altars:
Ashenzari
Cheibriados
Dithmenos
Elyvilon
Fedhas
Gozag
Hepliaklqana
Makhleb
Nemelex Xobeh
Okawaru
Qazlal
Ru
Trog
Uskayaw
Wu Jian
Xom
Yredelemnul
Zin
The Shining One
Jiyva

Shops:
D:4 *[[(   D:5 :   D:8 ?   Orc:2 [(:(

Annotations:
D:2 1 runed translucent door, Crazy Yiuf
D:8 4 transporters
Lair:5 1 runed translucent door
Spider:1 Frances, Nikola


Innate Abilities, Weirdness & Mutations

You are immune to sickness and miasma.
You are immune to poison.
Your flesh is very heat resistant. (rF++)
You are vulnerable to cold. (rC-)
You float through the air rather than walking.
You learn spells naturally, not from books.
Your magical power is your life essence.
You have superior vitality. (+4 MHP)


Message History

You hit the phantasmal warrior.
The phantasmal warrior is lightly damaged.
Casting: Scorch (safe; 1% risk of failure)
Confirm with . or Enter, or press ? or * to list all spells.
Flames lash the phantasmal warrior.
The phantasmal warrior is moderately damaged.
The phantasmal warrior's fire resistance burns away.
The phantasmal warrior hits you!
* * * LOW HITPOINT WARNING * * *
Casting: Scorch (safe; 1% risk of failure)
Confirm with . or Enter, or press ? or * to list all spells.
Flames lash the phantasmal warrior.
The phantasmal warrior is burned terribly!
The phantasmal warrior is heavily damaged.
* * * LOW HITPOINT WARNING * * *
You block the phantasmal warrior's attack.
Casting: Scorch (safe; 1% risk of failure)
Confirm with . or Enter, or press ? or * to list all spells.
Flames lash the phantasmal warrior.
The phantasmal warrior is burned terribly!
The phantasmal warrior is severely damaged.
* * * LOW HITPOINT WARNING * * *
The phantasmal warrior barely misses you.
Casting: Scorch (safe; 1% risk of failure)
Confirm with . or Enter, or press ? or * to list all spells.
Flames lash the phantasmal warrior.
The phantasmal warrior is burned terribly!
The phantasmal warrior is almost destroyed.
* * * LOW HITPOINT WARNING * * *
The phantasmal warrior hits you!!
* * * LOW HITPOINT WARNING * * *
Your willpower is stripped away!
Casting: Scorch (safe; 1% risk of failure)
Confirm with . or Enter, or press ? or * to list all spells.
Flames lash the phantasmal warrior.
The phantasmal warrior is almost destroyed.
* * * LOW HITPOINT WARNING * * *
The phantasmal warrior hits you but does no damage.
You feel better. The phantasmal warrior hits you!!
You die...

♣~~~~......~~...>...♣♣♣...~~♣
♣.~~§~..~~~~~~~<.~♣...~~~~~..
♣.~~~.♣.~~~~~§)~<♣♣♣..~~~~..~
♣♣.~.♣♣~.~~~~~~~~♣ ♣♣.~~~~~..
♣...♣♣...~~~§~~~♣ ♣~.†~~~..
♣♣~.♣~.~~~~~~[~♣♣♣♣♣♣~>....~
♣♣♣♣.~~~~.~○○~.~~~♣♣.~~...♣
♣..~~~W.~~~..~~.(~~~.♣♣♣
♣♣~..☼~@○~~§♣....~~~~~~~
♣♣♣.☼○....♣♣♣♣♣.~~~~~~§
♣♣♣♣♣♣♣♣♣ ♣♣♣~.~..§~~
♣♣♣~♣♣..~.~~~ ♣[~~.~~~~~.~§
♣~~~~~~~~..~♣ ♣~..~~~~~..♣♣
♣..♣.~~~.♣♣♣ ♣♣~♣♣...~♣


You could see a phantasmal warrior (combustible).

Vanquished Creatures
  A fenstrider witch (Swamp:4)
  Louise (D:14)
  An ironbound preserver (D:13)
  4 ghouls
  6 eleionomae
  Nessos (Lair:4)
  An entropy weaver (Lair:3)
  3 bunyips
  2 shambling mangroves
  10 hydras
  Harold (D:9)
  Erolcha (D:9)
  A death knight (D:14)
  2 two-headed ogres
  3 boulder beetles
  4 centaur warriors
  5 alligators
  A ghost crab (Swamp:4)
  5 death yaks (Lair:4)
  An orc high priest (Orc:2)
  Sonja (Lair:4)
  A pharaoh ant (Lair:3)
  A sun moth (Lair:3)
  4 spriggan druids
  4 goliath frogs
  A flayed ghost (Swamp:4)
  6 bog bodies
  A phantasmal warrior (Swamp:4)
  Pikel (D:9)
  2 swamp dragons (Swamp:4)
  5 orc knights
  2 lindwurms (Lair:5)
  A lindwurm (shapeshifter) (D:13)
  6 cyclopes
  2 wolf spiders (Lair:3)
  2 moths of wrath (Lair:3)
  4 will-o-the-wisps
  13 ugly things
  2 manticores (D:14)
  17 elephants
  7 torpor snails
  5 black mambas
  14 cane toads
  Maggie (D:8)
  6 komodo dragons
  2 unseen horrors (D:12)
  A kobold demonologist (D:13)
  5 rime drakes
  2 freezing wraiths (Swamp:1)
  A tengu conjurer (D:13)
  A hydra zombie (Swamp:4)
  11 polar bears
  13 tyrant leeches
  A bloated husk (Swamp:2)
  A queen bee (D:10)
  8 trolls
  Grinder (D:5)
  21 hornets
  3 tarantellas (Lair:3)
  2 dream sheep
  A raiju (Lair:5)
  A death drake skeleton (Swamp:4)
  2 jumping spiders (Lair:3)
  A raiju (shapeshifter) (D:13)
  17 blink frogs
  14 spriggans
  A shadow (D:11)
  4 wyverns
  24 yaks
  A wraith (D:12)
  10 basilisks
  Grum (D:8)
  3 redbacks
  7 vampire mosquitoes
  12 swamp worms
  2 acid dragons
  An acid dragon (shapeshifter) (D:14)
  11 wargs
  14 hell hounds (Lair:5)
  17 water moccasins
  A hydra simulacrum (Swamp:4)
  12 black bears
  36 orc warriors
  A sky beast (D:6)
  An ice beast (D:7)
  2 swamp drakes (Swamp:4)
  6 ogres
  26 centaurs
  2 lemures (D:9)
  25 wolves
  2 phantoms
  2 kobold brigands
  A gnoll sergeant (D:8)
  5 bullfrogs
  4 necrophages
  2 water moccasin zombies (Ossuary)
  10 scorpions
  12 wights
  4 killer bees
  8 electric eels
  3 howler monkeys
  3 jellies (D:5)
  A gnoll bouda (D:8)
  6 orc priests
  8 hounds
  4 iguanas
  19 orc wizards
  5 hell rats (Lair:2)
  2 mummies (Ossuary)
  8 gnolls
  14 adders
  3 shadow imps (D:6)
  A white imp (D:7)
  2 ufetubi (D:5)
  4 adder zombies (Ossuary)
  3 worms
  3 dart slugs
  62 orcs
  5 endoplasms
  10 giant cockroaches
  7 gnoll zombies (Ossuary)
  13 goblins
  9 hobgoblins
  14 jackals
  20 kobolds
  3 quokkas
  9 ball pythons
  8 bats
  3 frilled lizards
  4 hobgoblin zombies (Ossuary)
  3 kobold zombies (Ossuary)
  2 orc zombies (Ossuary)
  3 rats
  15 foxfires
821 creatures vanquished.

Vanquished Creatures (collateral kills)
  A bunyip (Swamp:4)
  A hydra (Lair:4)
  A ghost crab (Swamp:1)
  An alligator (Swamp:1)
  A goliath frog (Swamp:1)
  A komodo dragon (Lair:3)
  A yak (Lair:4)
  11 foxfires
18 creatures vanquished.

Vanquished Creatures (others)
  A ghost crab (Swamp:3)
  A hornet (Swamp:1)
  2 electric eels (D:12)
  A bush (Lair:5)
  1713 foxfires
  45 fungi
  105 plants
1868 creatures vanquished.

Grand Total: 2707 creatures vanquished

Notes
Turn   | Place    | Note
-------+----------+-------------------------------------------
     0 | D:1      | 2tc the Djinni Fire Elementalist began the quest for the
                  | Orb.
     0 | D:1      | 2tc set off with the following spells memorised: Foxfire,
                  | Scorch, Conjure Flame, Inner Flame, Flame Wave.
     0 | D:1      | Reached XP level 1. HP: 15/15 MP: 0/0
     0 | D:1      | Noticed a shadow dragon
     0 | D:1      | Noticed a large abomination
     1 | D:1      | Noticed an iron dragon
     4 | D:1      | Noticed a shadow dragon
     4 | D:1      | Noticed a large abomination
     6 | D:1      | Noticed an orb of fire
     8 | D:1      | Noticed a shadow dragon
     9 | D:1      | Noticed a red draconian
   279 | D:1      | Reached XP level 2. HP: 15/21 MP: 0/0
   658 | D:1      | Reached XP level 3. HP: 24/25 MP: 0/0
   658 | D:1      | Learned a level 1 spell: Magic Dart
   856 | D:1      | Noticed an orb of fire
   858 | D:1      | Noticed an orb of fire
   866 | D:1      | Noticed an ice dragon
   870 | D:1      | Noticed an iron dragon
  1635 | D:2      | Found a stormy altar of Qazlal.
  1791 | D:2      | Reached XP level 4. HP: 28/31 MP: 0/0
  1823 | D:2      | Found a faded altar of an unknown god.
  2270 | D:2      | Reached XP level 5. HP: 33/35 MP: 0/0
  2270 | D:2      | Learned a level 2 spell: Passwall
  2439 | D:2      | Found a runed translucent door.
  2440 | D:2      | Noticed Crazy Yiuf
  2717 | D:3      | Found a faded altar of an unknown god.
  2762 | D:3      | Found a white marble altar of Elyvilon.
  2769 | D:3      | Prayed at the altar of an unknown god.
  2769 | D:3      | Became a worshipper of Qazlal Stormbringer
  2769 | D:3      | Reached * piety under Qazlal
  2961 | D:3      | Found a sparkling altar of Nemelex Xobeh.
  2961 | D:3      | Found a transporter.
  2986 | D:3      | Reached skill level 5 in Spellcasting
  2986 | D:3      | Reached XP level 6. HP: 6/40 MP: 0/0
  3650 | D:4      | Found a glowing golden altar of the Shining One.
  3820 | D:4      | Found Puimm's Weapon Emporium.
  3948 | D:4      | Found Zaloicw's Assorted Antiques.
  3964 | D:4      | Found a burning altar of Makhleb.
  4069 | D:4      | Found Peacku Jibu's Armour Boutique.
  4109 | D:4      | Found a glowing drain.
  4119 | Sewer    | Entered a sewer
  4305 | Sewer    | Reached ** piety under Qazlal
  4440 | Sewer    | Reached XP level 7. HP: 36/45 MP: 0/0
  4440 | Sewer    | Learned a level 2 spell: Poisonous Vapours
  4766 | D:4      | Found Cyovuten's Armour Shoppe.
  4772 | D:4      | Identified the +8 hand axe of Premature Burial {vamp,
                  | Str+4}
  4984 | D:5      | Entered Level 5 of the Dungeon
  5185 | D:5      | Noticed Grinder
  5198 | D:5      | Killed Grinder
  5199 | D:5      | Reached XP level 8. HP: 17/50 MP: 0/0
  5581 | D:5      | Found a staircase to the Ecumenical Temple.
  5587 | Temple   | Entered the Ecumenical Temple
  5822 | D:5      | Noticed a hornet
  5826 | D:5      | Killed a hornet
  6474 | D:5      | Identified 3 scrolls of acquirement
  6474 | D:5      | Acquired a ring of positive energy
  6494 | D:5      | Reached *** piety under Qazlal
  6496 | D:5      | Reached XP level 9. HP: 49/55 MP: 0/0
  6496 | D:5      | Learned a level 3 spell: Dazzling Flash
  6848 | D:5      | Found Xihifiab's Book Boutique.
  7399 | D:6      | Reached **** piety under Qazlal
  7709 | D:6      | Reached skill level 10 in Spellcasting
  7735 | D:6      | Acquired a +5 quick blade
  8271 | D:7      | Acquired the +1 helmet of Liygirr {rC++ Slay+2}
  8274 | D:7      | Reached skill level 1 in Armour
  8533 | D:7      | Reached skill level 1 in Short Blades
  8802 | D:7      | Found a sand-covered staircase.
  8816 | Ossuary  | Entered an ossuary
  8850 | Ossuary  | Reached XP level 10. HP: 54/60 MP: 0/0
  9183 | Ossuary  | Identified the +2 mace of Ukyuniot {freeze, Str+2 Int+4}
  9660 | D:8      | Noticed Grum
  9743 | D:8      | Reached skill level 5 in Short Blades
  9744 | D:8      | Noticed a two-headed ogre
  9942 | D:8      | Killed Grum
 10186 | D:8      | Reached ***** piety under Qazlal
 10281 | D:8      | Found a transporter.
 10281 | D:8      | Found a transporter.
 10282 | D:8      | Found a transporter.
 10283 | D:8      | Found a transporter.
 10284 | D:8      | Noticed Maggie
 10338 | D:8      | Killed a two-headed ogre
 10597 | D:8      | Found Mieces's Magic Scroll Boutique.
 10605 | D:8      | Bought a scroll of brand weapon for 114 gold pieces
 10991 | D:8      | Killed Maggie
 10992 | D:8      | Reached skill level 1 in Fighting
 11235 | D:9      | Reached XP level 11. HP: 60/68 MP: 0/0
 11235 | D:9      | Learned a level 4 spell: Dispel Undead
 11256 | D:9      | Reached skill level 2 in Fighting
 11268 | D:9      | Noticed Harold
 11501 | D:9      | Noticed Pikel
 11512 | D:9      | Killed Pikel
 11513 | D:9      | Reached skill level 3 in Fighting
 11531 | D:9      | Reached skill level 4 in Fighting
 11531 | D:9      | Killed Harold
 11532 | D:9      | Reached skill level 5 in Fighting
 11833 | D:9      | Reached skill level 5 in Dodging
 11929 | D:9      | Reached skill level 6 in Fighting
 12188 | D:9      | Noticed Erolcha
 12210 | D:9      | Killed Erolcha
 12580 | D:9      | Reached skill level 7 in Fighting
 12761 | D:9      | Found a staircase to the Orcish Mines.
 13004 | D:10     | Entered Level 10 of the Dungeon
 13180 | D:10     | Noticed Maurice
 13181 | D:10     | Noticed Maurice
 13181 | D:10     | Maurice changed into Maurice the queen bee
 13187 | D:10     | Killed Maurice the queen bee
 13946 | D:11     | Reached skill level 1 in Invocations
 13993 | D:11     | Reached XP level 12. HP: 37/86 MP: 0/0
 14201 | D:11     | Found a staircase to the Lair.
 14396 | D:11     | Reached skill level 5 in Invocations
 15103 | Lair:1   | Entered Level 1 of the Lair of Beasts
 15273 | Lair:1   | Reached skill level 5 in Armour
 15275 | Lair:1   | Reached skill level 8 in Fighting
 16175 | Lair:2   | Reached skill level 9 in Fighting
 16246 | Lair:2   | Found a staircase to the Swamp.
 16366 | Lair:2   | Reached skill level 10 in Fighting
 17192 | Lair:3   | Noticed an eight-headed hydra
 17204 | Lair:3   | Killed an eight-headed hydra
 17291 | Lair:3   | Identified the +1 leather armour "Laadaeh" {rElec Int+7}
 17332 | Lair:3   | Reached XP level 13. HP: 72/96 MP: 0/0
 17332 | Lair:3   | Learned a level 5 spell: Alistair's Intoxication
 17611 | Lair:3   | Found a hole to the Spider Nest.
 18086 | Lair:4   | Noticed Nessos
 18355 | Lair:4   | Killed Nessos
 18358 | Lair:4   | Noticed Sonja
 18360 | Lair:4   | Killed Sonja
 18410 | Lair:4   | Reached ****** piety under Qazlal
 19164 | Lair:5   | Entered Level 5 of the Lair of Beasts
 19164 | Lair:5   | Found a staircase to the Slime Pits.
 19164 | Lair:5   | Found a viscous altar of Jiyva.
 19169 | Lair:5   | Noticed a six-headed hydra
 19169 | Lair:5   | Noticed a boulder beetle
 19237 | Lair:5   | Noticed an eight-headed hydra
 19435 | Orc:1    | Entered Level 1 of the Orcish Mines
 19578 | Orc:2    | Entered Level 2 of the Orcish Mines
 19767 | Orc:2    | Reached XP level 14. HP: 46/103 MP: 0/0
 19930 | Orc:1    | Noticed an orc warlord
 20008 | Orc:2    | Reached skill level 10 in Invocations
 20573 | Orc:2    | Found Ylyilest's Weapon Boutique.
 20573 | Orc:2    | Found Yhuig's Book Emporium.
 20573 | Orc:2    | Found Zeworei's Weapon Shoppe.
 20576 | Orc:2    | Found Nocinasa's Antique Armour Shop.
 20831 | Orc:2    | Found a staircase to the Elven Halls.
 21512 | Lair:5   | Reached skill level 11 in Fighting
 21800 | Lair:5   | Reached skill level 12 in Fighting
 21887 | Lair:5   | Acquired a manual of Fighting
 22042 | Lair:5   | Reached XP level 15. HP: 111/112 MP: 0/0
 22042 | Lair:5   | Learned a level 6 spell: Iron Shot
 23001 | Lair:5   | Reached skill level 10 in Dodging
 23278 | Lair:5   | Found a runed translucent door.
 23321 | Lair:5   | Reached skill level 13 in Fighting
 23693 | Swamp:1  | Entered Level 1 of the Swamp
 23737 | Swamp:1  | Noticed a ghoul
 23871 | Lair:2   | Reached skill level 14 in Fighting
 23893 | Swamp:1  | Noticed a ghoul
 23904 | Lair:2   | Killed a ghoul
 23967 | Lair:2   | Killed a ghoul
 24031 | Swamp:1  | Reached skill level 15 in Fighting
 24175 | Swamp:1  | Noticed a ghoul
 24177 | Swamp:1  | Noticed a ghoul
 24195 | Swamp:1  | Killed a ghoul
 24196 | Swamp:1  | Reached skill level 16 in Fighting
 24198 | Swamp:1  | Killed a ghoul
 24583 | Swamp:1  | Reached XP level 16. HP: 128/130 MP: 0/0
 24586 | Swamp:1  | Identified the +5 quarterstaff "Buthraq" {pain, MP+9}
 24622 | Swamp:1  | Reached skill level 17 in Fighting
 25150 | Swamp:2  | Reached skill level 18 in Fighting
 26142 | Spider:1 | Entered Level 1 of the Spider Nest
 26464 | Spider:1 | Noticed Frances
 26469 | Spider:1 | Noticed Nikola
 27990 | D:13     | Found a gate to the Vaults.
 28342 | D:14     | Noticed Louise
 28353 | D:14     | Killed Louise
 28588 | D:14     | Reached XP level 17. HP: 130/138 MP: 0/0
 28588 | D:14     | Learned a level 7 spell: Summon Hydra
 29556 | Swamp:4  | Entered Level 4 of the Swamp
 29836 | Swamp:4  | Reached skill level 15 in Spellcasting
 30349 | Swamp:3  | Slain by a phantasmal warrior

Illustrated notes

Levels and vault maps discovered:
D:1:      shiori_arrival_whats_in_store_for_you, layout_basic,
          minmay_misc_feat_roman
D:2:      layout_loops_ring, basic_altar,
          shapermc_ecumenical_altar_starsandcircs, minmay_misc_feat_x,
          minmay_cut_off, uniq_crazy_yiuf_cottage
D:3:      layout_loops_cross, nicolae_overflow_ecumenical_swirl,
          grunt_nemelex_the_gamble, minmay_misc_feat_alley
D:4:      layout_loops_ring, mainiacjoe_overflow_alcove_2, old_standard_altar,
          nicolae_sif_muna_little_library, serial_shops, nicolae_stop_n_shop_2,
          nicolae_shop_waterfront, nicolae_shop_behind_doors, kennysheep_mini,
          portal_sewer_entry_b, kennysheep_generic_room_7
D:5:      layout_loops_ring, minmay_temple_entry_statues_pillars, serial_shops,
          nicolae_shop_behind_doors, minmay_joined_circles, uniq_grinder
D:6:      layout_loops_cross, serial_bayou, serial_bayou_pond_d,
          serial_bayou_pond_d, serial_bayou_crossing, serial_bayou_shore_a,
          hangedman_decor_diamond_cutter
D:7:      layout_loops_corners, nicolae_ossuary_entry_ruins, minmay_checkerbox
D:8:      layout_rooms, serial_shops, shop, st_stairs_9,
          nicolae_diode_quadrants, uniq_maggie, uniq_grum
D:9:      layout_rooms, erik_orc_2, enter_bailey_5, serial_bayou_lake_a,
          uniq_erolcha, uniq_pikel, uniq_harold
D:10:     layout_gridville, serial_glass, glass_columns_c, glass_columns_b,
          glass_columns_b, glass_columns_c, uniq_maurice
D:11:     layout_loops_corners, minmay_lair_entry_grove
D:12:     layout_stronghold, minivault_25_ag, lemuel_freeze_loot_1
D:13:     layout_gridville, skrybe_vaults_entry_preservation,
          nicolae_figureground_sparkle
D:14:     layout_gridville, uniq_louise
Temple:   bh_familiar_temple
Lair:1:   layout_cave_pods, disabler_island
Lair:2:   layout_cave_pods, swamp_mist_pool, serial_bayou_shore_b
Lair:3:   layout_regular_city, nicolae_spider_entry_non_spiders
Lair:4:   layout_cave_pods, st_stairs_3, uniq_nessos, uniq_sonja
Lair:5:   wormcave, layout_loops_ring, hangedman_lair_caniforms_friends,
          slime_entry_1, kennysheep_basilisk_garden
Swamp:1:  layout_basic_swamp, portal_ice_cave_entry_frozen_things,
          infiniplex_staircase_pool
Swamp:2:  layout_falls_marsh, evilmike_swamp_ruin_house_3
Swamp:3:  layout_basic_swamp, evilmike_swamp_ruin_house_6
Swamp:4:  byrel_swamp_growth_death_and_undeath, layout_basic_swamp,
          nzn_swamp_dancing_lights, infiniplex_staircase_pool_2
Spider:1: layout_spider_delve, drop_trap, hellmonk_motheaten_closet,
          hangedman_spider_tarantella_strand, uniq_frances, uniq_nikola
Orc:1:    layout_caves, basic_altar
Orc:2:    st_orc_rangers, layout_caves

Skill      XL: |  1  2  3  4  5  6  7  8  9 10 11 12 13 14 15 16 17 |
---------------+----------------------------------------------------+-----
Spellcasting   | 3 4 5 6 8 10 12 14 15 | 15.0
Armour         | 1 5 8 9 |  9.9
Short Blades   | 2 8 |  8.0
Fighting       | 1 7 10 12 16 18 | 18.0
Dodging        | 5 6 10 | 10.0
Invocations    | 4 5 9 10 | 10.0
Stealth        | |  1.5

Action                   |  1- 3 |  4- 6 |  7- 9 | 10-12 | 13-15 | 16-18 || total
-------------------------+-------+-------+-------+-------+-------+-------++-------
Melee: Unarmed           |     9 |       |       |       |       |       ||     9
       Dagger            |    11 |       |       |       |       |       ||    11
       Spear             |       |    47 |    31 |       |       |       ||    78
       Quick blade       |       |       |    18 |    68 |   403 |   353 ||   842
       Punch             |       |       |       |       |     5 |     4 ||     9
 Cast: Foxfire           |    49 |    93 |   110 |   227 |   402 |   102 ||   983
       Scorch            |       |     1 |    43 |   130 |   297 |   134 ||   605
       Inner Flame       |       |     1 |       |     3 |     3 |     1 ||     8
       Poisonous Vapours |       |       |     8 |    66 |    59 |    74 ||   207
       Magic Dart        |       |       |     4 |     5 |    23 |    15 ||    47
       Flame Wave        |       |       |     4 |    15 |    20 |     7 ||    46
       Dazzling Flash    |       |       |       |    16 |    18 |     4 ||    38
       Conjure Flame     |       |       |       |     5 |     2 |     1 ||     8
       Alistair's Intoxi |       |       |       |       |     1 |     2 ||     3
       Iron Shot         |       |       |       |       |    15 |    77 ||    92
Invok: Upheaval          |       |       |       |       |     5 |     2 ||     7
       Elemental Force   |       |       |       |       |       |     1 ||     1
Evoke: Phial of floods   |       |       |       |     1 |     1 |       ||     2
       Wand              |       |       |       |     3 |    15 |       ||    18
       Phantom mirror    |       |       |       |     1 |     1 |       ||     2
  Use: Scroll            |     3 |     6 |     7 |    15 |    13 |    10 ||    54
       Potion            |       |       |       |     1 |     6 |     5 ||    12
 Stab: Sleeping          |       |     1 |       |       |       |       ||     1
       Invisible         |       |       |       |       |     2 |     3 ||     5
Armor: Robe              |     4 |    17 |    17 |    19 |       |       ||    57
       Troll leather arm |       |       |       |    12 |   157 |    94 ||   263
Dodge: Dodged            |    20 |    55 |    43 |   156 |   567 |   380 ||  1221
       Repelled          |       |       |       |     2 |     5 |     4 ||    11
Block: Other             |       |     2 |    12 |    57 |   281 |   169 ||   521

Table legend: (Time is in decaauts)
 A = Elapsed time spent in this place.
 B = Non-inter-level travel time spent in this place.
 C = Inter-level travel time spent in this place.
 D = Time resting spent in this place.
 E = Time spent auto-exploring this place.
 F = Levels seen in this place.
 G = Mean time per level.
                   A        B        C        D        E       F      G
               +--------+--------+--------+--------+--------+-----+--------+
         Total |  29810 |  27655 |   2155 |   3769 |  18924 |  29 | 1027.9 |
       Dungeon |  16896 |  15991 |    905 |   1932 |  11789 |  14 | 1206.9 |
        Temple |    181 |    156 |     25 |      0 |    149 |   1 |  181.0 |
          Lair |   7445 |   6579 |    866 |    824 |   4428 |   5 | 1489.0 |
         Swamp |   2758 |   2517 |    241 |    574 |   1213 |   4 |  689.5 |
   Spider Nest |     28 |     28 |      0 |      0 |      0 |   1 |   28.0 |
  Orcish Mines |   1707 |   1592 |    115 |    332 |    841 |   2 |  853.5 |
         Sewer |    425 |    425 |      0 |      0 |    326 |   1 |  425.0 |
       Ossuary |    367 |    367 |      0 |    107 |    178 |   1 |  367.0 |
               +--------+--------+--------+--------+--------+-----+--------+

Top non-repeatable levels by time:
  Lair:5: 1756 daAuts
     D:9: 1685 daAuts
     D:7: 1659 daAuts
  Lair:2: 1657 daAuts
     D:5: 1568 daAuts
  Lair:4: 1435 daAuts
  Lair:3: 1432 daAuts
    D:11: 1349 daAuts
     D:1: 1298 daAuts
     D:6: 1289 daAuts
     D:2: 1194 daAuts
     D:4: 1193 daAuts
   Orc:2: 1168 daAuts
  Lair:1: 1163 daAuts
     D:3: 1120 daAuts
